| TOP OF THE 1ST |
|
Caldwell Claws batting - Pitching for Ogden Spikes : LHP John Horner
|
|
Pitching: LHP John Horner
|
|
|
Batting: RHB Kim Christensen
|
0-0: Ball 1-0: Called Strike 1-1: Swinging Strike 1-2: Foul Ball, location: 2F 1-2: Ball 2-2: Strikes out swinging
|
|
Batting: LHB Willie Vigil
|
0-0: Ball 1-0: Foul Ball, location: 2F 1-1: Ball 2-1: DOUBLE (Line Drive, 78D, EV 106.9 MPH)
|
|
Batting: LHB Miguel Negron
|
0-0: Called Strike 0-1: Fly out, F9 (Flyball, 89S, EV 92.5 MPH)
|
|
Batting: LHB Gregory Robles
|
0-0: Called Strike 0-1: Ball 1-1: Ball 2-1: Foul Ball, location: 2F 2-2: Foul Ball, location: 2F 2-2: Ball 3-2: Foul Ball, location: 2F 3-2: Foul Ball, location: 2F 3-2: SINGLE (Groundball, 34D, EV 100.0 MPH) Willie Vigil to third Willie Vigil scores
|
|
Batting: LHB Roberto Guillen
|
0-0: Called Strike 0-1: Ball 1-1: Called Strike 1-2: Strikes out swinging
|
| Top of the 1st over - 1 run, 2 hits, 0 errors, 1 left on base; Caldwell 1 - Ogden 0 |
| BOTTOM OF THE 1ST |
|
Ogden Spikes batting - Pitching for Caldwell Claws : RHP Gregory Crabb
|
|
Pitching: RHP Gregory Crabb
|
|
|
Batting: RHB Ken Jackson
|
0-0: Called Strike 0-1: Called Strike 0-2: Strikes out swinging
|
|
Batting: LHB Lenny Harris
|
0-0: Ball 1-0: SINGLE (Groundball, 34D, EV 98.8 MPH)
|
|
Batting: LHB Everett Graham
|
0-0: Ball Lenny Harris is caught stealing 2nd base 2-6 1-0: Ball 2-0: Ball 3-0: Base on Balls
|
|
Batting: LHB Roberto Casasnovas
|
0-0: Called Strike Everett Graham steals 2nd base 0-1: Ball 1-1: Foul Ball, location: 2F 1-2: Foul Ball, location: 2F 1-2: Foul Ball, location: 2F 1-2: Ball 2-2: Ball 3-2: Foul Ball, location: 2F 3-2: Strikes out looking
|
| Bottom of the 1st over - 0 runs, 1 hit, 0 errors, 1 left on base; Caldwell 1 - Ogden 0 |
| TOP OF THE 2ND |
|
Caldwell Claws batting - Pitching for Ogden Spikes : LHP John Horner
|
|
Batting: RHB David Morales
|
0-0: Called Strike 0-1: Foul Ball, location: 2F 0-2: SINGLE (Line Drive, 8RS, EV 88.1 MPH)
|
|
Batting: LHB Joseph Wesley
|
0-0: Ball 1-0: Foul Ball, location: 2F 1-1: Foul Ball, location: 2F 1-2: Foul Ball, location: 2F 1-2: Ball 2-2: Ball 3-2: Ground out 6-3 (Groundball, 6, EV 100.0 MPH) David Morales to second
|
|
Batting: LHB Dave Smith
|
0-0: Called Strike 0-1: Ball 1-1: Ball 2-1: Foul Ball, location: 2F 2-2: Foul Ball, location: 2F 2-2: Ball 3-2: Strikes out looking
|
|
Batting: SHB Alfredo Alcaide
|
0-0: Ground out 6-3 (Groundball, 6, EV 100.6 MPH)
|
| Top of the 2nd over - 0 runs, 1 hit, 0 errors, 1 left on base; Caldwell 1 - Ogden 0 |
| BOTTOM OF THE 2ND |
|
Ogden Spikes batting - Pitching for Caldwell Claws : RHP Gregory Crabb
|
|
Batting: LHB Dave Vetsch
|
0-0: SINGLE (Groundball, 56D, EV 95.0 MPH)
|
|
Batting: RHB Jeffrey Smith
|
0-0: Called Strike 0-1: Ball 1-1: Ball 2-1: Foul Ball, location: 2F 2-2: SINGLE (Flyball, 5D, EV 91.3 MPH) Dave Vetsch to second
|
|
Batting: LHB Marvin Parker
|
0-0: Fielders Choice at 2nd, 3-6 (Groundball, 3, EV 86.3 MPH) Dave Vetsch to third
|
|
Batting: RHB Ken Kraft
|
0-0: Called Strike 0-1: Fly out, F7 (Flyball, 78S, EV 91.3 MPH)
|
|
Batting: RHB Terry Bell
|
0-0: Foul Ball, location: 2F 0-1: Called Strike 0-2: Ball 1-2: Ball 2-2: Ball 3-2: Foul Ball, location: 2F 3-2: Foul Ball, location: 2F 3-2: Foul Ball, location: 2F 3-2: Base on Balls Marvin Parker to second
|
|
Batting: RHB Ken Jackson
|
0-0: Ball 1-0: Ball 2-0: Ball 3-0: Called Strike 3-1: Base on Balls Dave Vetsch scores Marvin Parker to third Terry Bell to second
|
|
Batting: LHB Lenny Harris
|
0-0: Ball 1-0: Called Strike 1-1: Foul Ball, location: 2F 1-2: Ball 2-2: Reached on error, E3 (Groundball, 3S, EV 93.1 MPH) Marvin Parker scores Terry Bell to third Ken Jackson to second
|
|
Batting: LHB Everett Graham
|
0-0: Ball 1-0: Fielders Choice at 2nd, 6-4 (Groundball, 6, EV 88.1 MPH)
|
| Bottom of the 2nd over - 2 runs, 2 hits, 1 error, 3 left on base; Caldwell 1 - Ogden 2 |
| TOP OF THE 3RD |
|
Caldwell Claws batting - Pitching for Ogden Spikes : LHP John Horner
|
|
Batting: RHB Kim Christensen
|
0-0: Ball 1-0: Ground out 5-3 (Groundball, 25, EV 84.4 MPH)
|
|
Batting: LHB Willie Vigil
|
0-0: Ground out U3 (Groundball, 34, EV 108.8 MPH)
|
|
Batting: LHB Miguel Negron
|
0-0: Called Strike 0-1: Called Strike 0-2: Ball 1-2: Fly out, F9 (Flyball, 9D, EV 96.9 MPH)
|
| Top of the 3rd over - 0 runs, 0 hits, 0 errors, 0 left on base; Caldwell 1 - Ogden 2 |
| BOTTOM OF THE 3RD |
|
Ogden Spikes batting - Pitching for Caldwell Claws : RHP Gregory Crabb
|
|
Batting: LHB Roberto Casasnovas
|
0-0: Fly out, F8 (Flyball, 78XD, EV 102.5 MPH)
|
|
Batting: LHB Dave Vetsch
|
0-0: Ball 1-0: Ball 2-0: SINGLE (Groundball, 34S, EV 72.5 MPH) (infield hit)
|
|
Batting: RHB Jeffrey Smith
|
0-0: Fly out, F5 (Flyball, 5D, EV 90.0 MPH)
|
|
Batting: LHB Marvin Parker
|
0-0: Called Strike 0-1: Ball 1-1: Swinging Strike 1-2: Ball 2-2: Strikes out swinging
|
| Bottom of the 3rd over - 0 runs, 1 hit, 0 errors, 1 left on base; Caldwell 1 - Ogden 2 |
| TOP OF THE 4TH |
|
Caldwell Claws batting - Pitching for Ogden Spikes : LHP John Horner
|
|
Batting: LHB Gregory Robles
|
0-0: Called Strike 0-1: Foul Ball, location: 2F 0-2: Ball 1-2: Ball 2-2: Ball 3-2: Fly out, F8 (Flyball, 78M, EV 96.9 MPH)
|
|
Batting: LHB Roberto Guillen
|
0-0: Fly out, F6 (Popup, 6, EV 59.4 MPH)
|
|
Batting: RHB David Morales
|
0-0: Ball 1-0: Called Strike 1-1: Swinging Strike 1-2: Strikes out looking
|
| Top of the 4th over - 0 runs, 0 hits, 0 errors, 0 left on base; Caldwell 1 - Ogden 2 |
| BOTTOM OF THE 4TH |
|
Ogden Spikes batting - Pitching for Caldwell Claws : RHP Gregory Crabb
|
|
Batting: RHB Ken Kraft
|
0-0: Foul Ball, location: 2F 0-1: Foul Ball, location: 2F 0-2: Fly out, F6 (Flyball, 6D, EV 86.3 MPH)
|
|
Batting: RHB Terry Bell
|
0-0: Ball 1-0: Foul Ball, location: 2F 1-1: Ball 2-1: Ball 3-1: Ground out 6-3 (Groundball, 6M, EV 103.1 MPH)
|
|
Batting: RHB Ken Jackson
|
0-0: Ball 1-0: SINGLE (Line Drive, 8RM, EV 105.6 MPH)
|
|
Batting: LHB Lenny Harris
|
0-0: Ball 1-0: Called Strike 1-1: Swinging Strike 1-2: Foul Ball, location: 2F 1-2: Strikes out looking
|
| Bottom of the 4th over - 0 runs, 1 hit, 0 errors, 1 left on base; Caldwell 1 - Ogden 2 |
| TOP OF THE 5TH |
|
Caldwell Claws batting - Pitching for Ogden Spikes : LHP John Horner
|
|
Batting: LHB Joseph Wesley
|
0-0: Foul Ball, location: 2F 0-1: Ball 1-1: Ball 2-1: Fly out, F7 (Flyball, 7, EV 88.8 MPH)
|
|
Batting: LHB Dave Smith
|
0-0: Called Strike 0-1: Ball 1-1: Called Strike 1-2: Strikes out swinging
|
|
Batting: SHB Alfredo Alcaide
|
0-0: Called Strike 0-1: Fly out, F6 (Popup, P, EV 78.8 MPH)
|
| Top of the 5th over - 0 runs, 0 hits, 0 errors, 0 left on base; Caldwell 1 - Ogden 2 |
| BOTTOM OF THE 5TH |
|
Ogden Spikes batting - Pitching for Caldwell Claws : RHP Gregory Crabb
|
|
Batting: LHB Everett Graham
|
0-0: Called Strike 0-1: Foul Ball, location: 2F 0-2: Fly out, F8 (Flyball, 8RD, EV 104.4 MPH)
|
|
Batting: LHB Roberto Casasnovas
|
0-0: Ground out 5-3 (Groundball, 56S, EV 70.6 MPH)
|
|
Batting: LHB Dave Vetsch
|
0-0: Ball 1-0: Ball 2-0: Ball 3-0: Called Strike 3-1: Foul Ball, location: 2F 3-2: Foul Ball, location: 2F 3-2: Foul Ball, location: 2F 3-2: Base on Balls
|
|
Batting: RHB Jeffrey Smith
|
0-0: Called Strike 0-1: Foul Ball, location: 2F 0-2: Fielders Choice at 2nd, 6-4 (Groundball, 6, EV 100.0 MPH)
|
| Bottom of the 5th over - 0 runs, 0 hits, 0 errors, 1 left on base; Caldwell 1 - Ogden 2 |
| TOP OF THE 6TH |
|
Caldwell Claws batting - Pitching for Ogden Spikes : LHP John Horner
|
|
Batting: RHB Kim Christensen
|
0-0: Foul Ball, location: 2F 0-1: Foul Ball, location: 2F 0-2: Ball 1-2: Foul Ball, location: 2F 1-2: Ball 2-2: DOUBLE (Flyball, 8RXD, EV 94.4 MPH)
|
|
Batting: LHB Willie Vigil
|
0-0: Ball 1-0: Called Strike 1-1: Ball 2-1: DOUBLE (Line Drive, 9LM, EV 109.4 MPH) Kim Christensen scores
|
|
Batting: LHB Miguel Negron
|
0-0: Intentional Walk
|
|
Batting: LHB Gregory Robles
|
0-0: Ball 1-0: SINGLE (Line Drive, 7S, EV 88.1 MPH) Willie Vigil to third Miguel Negron to second Runner from 3rd tries for Home, SAFE, throw by LF to home
|
|
Batting: LHB Roberto Guillen
|
0-0: SINGLE (Line Drive, 7S, EV 103.1 MPH) Miguel Negron to third Gregory Robles to second Runner from 3rd tries for Home, SAFE, throw by LF to home
|
|
Batting: RHB David Morales
|
0-0: Ball 1-0: Bunted foul 1-1: Bunted foul 1-2: Ball 2-2: Fly out, F7 (Flyball, 7D, EV 104.4 MPH) Runner from 2nd tags up, SAFE at 3rd, no throw by LF
|
|
Batting: LHB Joseph Wesley
|
0-0: SINGLE (Line Drive, 7S, EV 104.4 MPH) Gregory Robles scores Roberto Guillen to second
|
|
Batting: LHB Dave Smith
|
0-0: Ball 1-0: Ball 2-0: Ball 3-0: Base on Balls Roberto Guillen to third Joseph Wesley to second
|
|
Batting: SHB Alfredo Alcaide
|
0-0: Called Strike 0-1: Swinging Strike 0-2: Fly out, F8 (Flyball, 8LXD, EV 86.3 MPH) Runner from 3rd tags up, SCORES, no throw by CF Joseph Wesley to third
|
|
Batting: RHB Kim Christensen
|
0-0: Ball 1-0: Ball 2-0: Called Strike 2-1: Ball 3-1: Fielders Choice at 2nd, 6-4 (Groundball, 6, EV 85.6 MPH)
|
| Top of the 6th over - 5 runs, 5 hits, 0 errors, 2 left on base; Caldwell 6 - Ogden 2 |
| BOTTOM OF THE 6TH |
|
Ogden Spikes batting - Pitching for Caldwell Claws : RHP Gregory Crabb
|
|
Batting: LHB Marvin Parker
|
0-0: Swinging Strike 0-1: Ball 1-1: Ground out 6-3 (Groundball, 6, EV 85.0 MPH)
|
|
Batting: RHB Ken Kraft
|
0-0: Foul Ball, location: 2F 0-1: Ball 1-1: Foul Ball, location: 2F 1-2: Ground out 5-3 (Groundball, 56D, EV 96.9 MPH)
|
|
Batting: RHB Terry Bell
|
0-0: Called Strike 0-1: Foul Ball, location: 2F 0-2: Ball 1-2: Fly out, F7 (Flyball, 7LD, EV 98.8 MPH)
|
| Bottom of the 6th over - 0 runs, 0 hits, 0 errors, 0 left on base; Caldwell 6 - Ogden 2 |
| TOP OF THE 7TH |
|
Caldwell Claws batting - Pitching for Ogden Spikes : LHP John Horner
|
|
Batting: LHB Willie Vigil
|
0-0: SINGLE (Groundball, 4MD, EV 103.8 MPH)
|
|
Batting: LHB Miguel Negron
|
0-0: DOUBLE (Line Drive, 78D, EV 102.5 MPH) Willie Vigil to third Runner from 3rd tries for Home, SAFE, no throw by LF
|
|
Pitching: RHP Douglas Barba
|
|
|
Batting: LHB Gregory Robles
|
0-0: SINGLE (Flyball, 9S, EV 85.0 MPH) Miguel Negron to third Runner from 3rd tries for Home, SAFE, throw by RF to home
|
|
Batting: LHB Roberto Guillen
|
0-0: Ball 1-0: Foul Ball, location: 2F 1-1: Ball 2-1: Ball 3-1: Called Strike 3-2: Foul Ball, location: 2F 3-2: Fly out, F7 (Line Drive, 7, EV 92.5 MPH)
|
|
Batting: RHB David Morales
|
0-0: Ball 1-0: DOUBLE (Line Drive, 89M, EV 115.0 MPH) Gregory Robles to third Runner from 3rd tries for Home, SAFE, throw by RF to trailing runner, SAFE at third!
|
|
Pinch Hitting: LHB Jorge Martinez
|
0-0: Ground out 4-3 (Groundball, 4, EV 103.8 MPH) David Morales scores
|
|
Batting: LHB Dave Smith
|
0-0: Ball 1-0: Ball 2-0: Foul Ball, location: 2F 2-1: Ball 3-1: Foul Ball, location: 2F 3-2: Foul Ball, location: 2F 3-2: SOLO HOME RUN (Flyball, 9LD, EV 96.3 MPH), Distance : 364 ft
|
|
Pinch Hitting: RHB Eddie Acevedo
|
0-0: Called Strike 0-1: Ball 1-1: Fly out, F4 (Flyball, 4D, EV 95.6 MPH)
|
| Top of the 7th over - 5 runs, 5 hits, 0 errors, 0 left on base; Caldwell 11 - Ogden 2 |
| BOTTOM OF THE 7TH |
|
Ogden Spikes batting - Pitching for Caldwell Claws : RHP Gregory Crabb
|
|
Now at C: Eddie Acevedo
|
|
|
Now at 3B: Jorge Martinez
|
|
|
Pinch Hitting: RHB Joseph Jarrell
|
0-0: Ball 1-0: Ball 2-0: Ball 3-0: Ground out U3 (Groundball, 3, EV 104.4 MPH)
|
|
Pinch Hitting: RHB Steve Sproesser
|
0-0: Fly out, F8 (Flyball, 78XD, EV 108.1 MPH)
|
|
Pinch Hitting: RHB Joey Mackay
|
0-0: Ball 1-0: Foul Ball, location: 2F 1-1: Called Strike 1-2: Strikes out swinging
|
| Bottom of the 7th over - 0 runs, 0 hits, 0 errors, 0 left on base; Caldwell 11 - Ogden 2 |
| TOP OF THE 8TH |
|
Caldwell Claws batting - Pitching for Ogden Spikes : RHP Douglas Barba
|
|
Now at 2B: Juan Nieto
|
|
|
Now at 3B: Joseph Jarrell
|
|
|
Now in RF: Joey Mackay
|
|
|
Pinch Hitting: RHB Robert Brauer
|
0-0: SINGLE (Line Drive, 8LS, EV 113.1 MPH)
|
|
Batting: LHB Willie Vigil
|
0-0: Ball 1-0: Ball 2-0: SINGLE (Line Drive, 56, EV 94.4 MPH) Robert Brauer to second
|
|
Pinch Hitting: LHB Robert Heimerl
|
0-0: Called Strike 0-1: Ball 1-1: Ball 2-1: Foul Ball, location: 2F 2-2: Fly out, F7 (Flyball, 7S, EV 89.4 MPH)
|
|
Batting: LHB Gregory Robles
|
0-0: Ball 1-0: Ball 2-0: Ball 3-0: Called Strike 3-1: Base on Balls Robert Brauer to third Willie Vigil to second
|
|
Batting: LHB Roberto Guillen
|
0-0: Ball 1-0: Called Strike 1-1: Swinging Strike 1-2: SINGLE (Groundball, 25, EV 65.0 MPH) (infield hit) Robert Brauer scores Willie Vigil to third Gregory Robles to second
|
|
Pitching: RHP Elias Guerrero
|
|
|
Batting: RHB David Morales
|
0-0: Ball 1-0: Fly out, F8 (Flyball, 89M, EV 73.1 MPH) Runner from 3rd tags up, SCORES, throw by CF Gregory Robles to third
|
|
Batting: LHB Jorge Martinez
|
0-0: Foul Ball, location: 2F 0-1: Called Strike 0-2: Fly out, F8 (Line Drive, 8LM, EV 93.8 MPH)
|
| Top of the 8th over - 2 runs, 3 hits, 0 errors, 2 left on base; Caldwell 13 - Ogden 2 |
| BOTTOM OF THE 8TH |
|
Ogden Spikes batting - Pitching for Caldwell Claws : RHP Gregory Crabb
|
|
Now at 2B: Robert Brauer
|
|
|
Now in RF: Robert Heimerl
|
|
|
Pinch Hitting: RHB Eric Garrett
|
0-0: Called Strike 0-1: Ball 1-1: Ball 2-1: Called Strike 2-2: SINGLE (Groundball, 56S, EV 62.5 MPH) (infield hit)
|
|
Pinch Hitting: RHB Paul Wright
|
0-0: Called Strike 0-1: Foul Ball, location: 2F 0-2: Ball 1-2: Ball 2-2: Ball 3-2: Fly out, F8 (Flyball, 8RS, EV 81.9 MPH)
|
|
Batting: RHB Jeffrey Smith
|
0-0: Grounds into double play, 4-6-3 (Groundball, 4, EV 99.4 MPH)
|
| Bottom of the 8th over - 0 runs, 1 hit, 0 errors, 0 left on base; Caldwell 13 - Ogden 2 |
| TOP OF THE 9TH |
|
Caldwell Claws batting - Pitching for Ogden Spikes : RHP Elias Guerrero
|
|
Now at 1B: Eric Garrett
|
|
|
Now in LF: Paul Wright
|
|
|
Batting: LHB Dave Smith
|
0-0: Ball 1-0: Swinging Strike 1-1: Ball 2-1: Ball 3-1: Foul Ball, location: 2F 3-2: Foul Ball, location: 2F 3-2: Ground out 4-3 (Groundball, 4, EV 90.0 MPH)
|
|
Batting: RHB Eddie Acevedo
|
0-0: Ball 1-0: Ball 2-0: Fly out, F7 (Flyball, 7S, EV 89.4 MPH)
|
|
Batting: RHB Robert Brauer
|
0-0: Ground out 4-3 (Groundball, 34, EV 105.0 MPH)
|
| Top of the 9th over - 0 runs, 0 hits, 0 errors, 0 left on base; Caldwell 13 - Ogden 2 |
| BOTTOM OF THE 9TH |
|
Ogden Spikes batting - Pitching for Caldwell Claws : RHP Gregory Crabb
|
|
Batting: LHB Marvin Parker
|
0-0: Ball 1-0: Swinging Strike 1-1: Fly out, F9 (Flyball, 9LS, EV 88.8 MPH)
|
|
Pitching: LHP Rafael Sepulveda
|
|
|
Batting: RHB Ken Kraft
|
0-0: Ball 1-0: Fly out, F8 (Flyball, 8LD, EV 96.3 MPH)
|
|
Batting: RHB Terry Bell
|
0-0: Ball 1-0: Foul Ball, location: 2F 1-1: Ball 2-1: Called Strike 2-2: Foul Ball, location: 2F 2-2: Fly out, F9 (Flyball, 9S, EV 82.5 MPH)
|
| Bottom of the 9th over - 0 runs, 0 hits, 0 errors, 0 left on base; Caldwell 13 - Ogden 2 |
|